 Dungeon Crawl Stone Soup version 0.29.1-4-g47bece8355 (webtiles) character file.

Game seed: 6741340169619909550

11 ChadusMaximus the Caller (level 2, 0/19 HPs)
             Began as a Human Summoner on Dec 7, 2022.
             Succumbed to an adder's poison
             ... on level 2 of the Dungeon.
             The game lasted 00:00:40 (798 turns).

ChadusMaximus the Caller (Human Summoner)            Turns: 798, Time: 00:00:40

Health: 0/19       AC:  2    Str:  8    XL:     2   Next: 40%
Magic:  3/5        EV: 12    Int: 15    God:
Gold:   26         SH:  0    Dex: 13    Spells: 4/5 levels left

rFire   . . .      SeeInvis .   d - +0 short sword
rCold   . . .      Faith    .   (no shield)
rNeg    . . .      Spirit   .   a - +0 robe
rPois   .          Reflect  .   (no helmet)
rElec   .          Harm     .   (no cloak)
rCorr   .          Rampage  .   (no gloves)
Will    .....                   (no boots)
Stlth   ++........              (no amulet)
HPRegen 0.06/turn               (no ring)
MPRegen 0.09/turn               (no ring)

@: lethally poisoned (0 -> -4)
A: no striking features
a: no special abilities


You were on level 2 of the Dungeon.
You visited 1 branch of the dungeon, and saw 2 of its levels.

You collected 26 gold pieces.

Inventory:

Hand Weapons
 d - a +0 short sword (weapon)
Armour
 a - a +0 robe (worn)
Scrolls
 c - a scroll of immolation {unknown}
 e - 2 scrolls of identify {unknown}
 f - a scroll of fear {unknown}
 h - a scroll of amnesia {unknown}
Potions
 b - a potion of magic
 g - a potion of degeneration {unknown}


   Skills:
 + Level 2.2 Dodging
 + Level 2.3 Stealth
 + Level 2.1 Spellcasting
 + Level 4.1 Summonings


You had 4 spell levels left.
You knew the following spells:

 Your Spells              Type           Power      Damage    Failure   Level
a - Summon Small Mammal   Summ           56%        N/A       4%          1

Your spell library contained the following spells:

 Spells                   Type           Power      Damage    Failure   Level
 Call Imp                 Summ           14%        N/A       6%          2
 Call Canine Familiar     Summ           14%        N/A       12%         3
 Summon Guardian Golem    Hex/Summ       7%         N/A       28%         3
 Summon Lightning Spire   Summ/Air       7%         N/A       67%         4


Dungeon Overview and Level Annotations

Branches:
Dungeon (2/15)

Altars:


Message History

An adder comes into view.
Found a stone staircase leading up.
Found a smoky clear potion.
The adder hisses angrily.
Your bat disappears in a puff of smoke!
An adder is nearby!
You miss the adder. The adder completely misses you. The adder bites you.
You are poisoned.
The adder poisons you!
Casting: Summon Small Mammal (safe; 4% risk of failure)
Confirm with . or Enter, or press ? or * to list all spells.
You feel sick. The adder bites you.
Casting: Summon Small Mammal (safe; 4% risk of failure)
Confirm with . or Enter, or press ? or * to list all spells.
You feel sick. The adder barely misses you.
Your rat bites the adder.
You barely miss the adder.
The adder is lightly wounded.
You feel sick. The adder barely misses you. The adder bites you.
Your rat barely misses the adder.
You hit the adder but do no damage.
The adder is lightly wounded.
You feel sick. The adder barely misses you.
Your rat barely misses the adder.
You closely miss the adder.
The adder is lightly wounded.
You feel sick. The adder misses you.
Your rat misses the adder. The adder completely misses you.
You swap places.
You feel sick.
You are no longer poisoned.
Your bat misses the adder. The adder misses your bat.
Your rat closely misses the adder.
Your bat hits the adder.
Your bat closely misses the adder.
Your rat misses the adder.
You swap places.
Your bat misses the adder. The adder barely misses you.
Your rat barely misses the adder.
The adder bites you.
* * * LOW HITPOINT WARNING * * *
You are lethally poisoned!
The adder poisons you!
* * * LOW HITPOINT WARNING * * *
You feel sick.
Your bat misses the adder.
You die...

# .# # .########.###.#
.!.....r.......
#####.#...# #.@.Sb....#
....<....#.#.#.#
##+###.#.#.#.# # #.#
#.#.#.# #
#.#####.###.#.#.#
#.............#.#
.#.........#.###.#
..[........#.# #.#
.#.........#.###.######


You could see an adder (ally target) and a friendly bat (summoned).

Vanquished Creatures
  A ball python (D:2)
  A bat (D:1)
  An endoplasm (D:1)
  A giant cockroach (D:1)
  A frilled lizard (D:1)
  A rat (D:1)
6 creatures vanquished.

Vanquished Creatures (collateral kills)
  A ball python (D:1)
  An endoplasm (D:1)
  A kobold (D:1)
  A rat (D:2)
4 creatures vanquished.

Grand Total: 10 creatures vanquished

Notes
Turn   | Place    | Note
-------+----------+-------------------------------------------
     0 | D:1      | ChadusMaximus the Human Summoner began the quest for the
                  | Orb.
     0 | D:1      | Reached XP level 1. HP: 13/13 MP: 3/3
   355 | D:1      | Reached XP level 2. HP: 16/19 MP: 5/5
   737 | D:1      | Found a faded altar of an unknown god.
   737 | D:1      | You fall into a shaft and drop 1 floor!
   798 | D:2      | Succumbed to an adder's poison

Illustrated notes

Levels and vault maps discovered:
D:1:      heliophobic_arrival_dark_side_of_the_moon, layout_basic,
          basic_ecumenical_altar
D:2:      layout_basic, minivault_19

Action                   || total
-------------------------++-------
Melee: Short sword       ||    25
 Cast: Summon Small Mamm ||     8
 Stab: Sleeping          ||     2
Armor: Robe              ||     6
Dodge: Dodged            ||    23
